 Dungeon Crawl Stone Soup version 0.27-a0-1500-g450c7e4133 (webtiles) character file.

Game seed: 14288154785580275962

339 robertstho the Magician (level 6, -1/40 HPs)
             Began as a Djinni Fire Elementalist on July 7, 2021.
             Slain by an orc (7 damage)
             ... on level 4 of the Dungeon.
             The game lasted 00:05:45 (4821 turns).

robertstho the Magician (Djinni Fire Elementalist)  Turns: 4821, Time: 00:05:46

Health: -1/40      AC:  2    Str:  7    XL:     6   Next: 86%
Gold:   168        EV: 12    Int: 19    God:
                   SH:  0    Dex: 13

rFire    + + +     SeeInvis .   d - +2 war axe (venom)
rCold    . . .     Faith    .   (no shield)
rNeg     . . .     Spirit   .   a - +0 robe
rPois    ∞         Reflect  .   (no helmet)
rElec    .         Harm     .   j - scarf {rC+ rF+}
rCorr    .         Rampage  .   (no gloves)
Will     .....                  (boots unavailable)
Stlth    ++........             (no amulet)
HPRegen  0.13/turn              (no ring)
MPRegen  0.00/turn              (no ring)

@: flying
A: sickness immunity, fire resistance 2, cold vulnerability 1, float, innate
caster, hp casting, extra vitality 1
a: no special abilities


You were on level 4 of the Dungeon.
You visited 1 branch of the dungeon, and saw 4 of its levels.

You collected 168 gold pieces.

Inventory:

Hand Weapons
 b - a +0 dagger
 d - a +2 war axe of venom (weapon)
Armour
 a - a +0 robe (worn)
 j - a scarf of resistance (worn)
Scrolls
 g - a scroll of fear
 h - 3 scrolls of teleportation {unknown}
 k - a scroll of vulnerability {unknown}
 l - a scroll of acquirement {unknown}
Potions
 c - 2 potions of magic {unknown}
 e - a potion of haste {unknown}
 f - a potion of mutation {unknown}
 i - a potion of degeneration {unknown}
 m - a potion of brilliance {unknown}


   Skills:
 + Level 0.1 Fighting
 + Level 2.5 Dodging
 + Level 2.8 Stealth
 + Level 0.2 Unarmed Combat
 + Level 4.9 Spellcasting


You couldn't memorise any spells.
You knew the following spells:

 Your Spells              Type           Power      Damage    Failure   Level
a - Foxfire               Conj/Fire      92%        2x1d8     1%          1
b - Conjure Flame         Conj/Fire      23%        6-21      4%          3
c - Inner Flame           Hex/Fire       23%        N/A       4%          3
d - Sticky Flame          Conj/Fire      23%        2d4       16%         4
e - Fireball              Conj/Fire      11%        3d7       41%         5
f - Animate Skeleton      Necr           46%        N/A       1%          1
g - Call Imp              Summ           23%        N/A       2%          2
Your spell library was empty.

Dungeon Overview and Level Annotations

Branches:
Dungeon (4/15)
 Temple: D:4-7

Altars:
Cheibriados


Innate Abilities, Weirdness & Mutations

You are immune to sickness and miasma.
You are immune to poison.
Your flesh is very heat resistant. (rF++)
You are vulnerable to cold. (rC-)
You float through the air rather than walking.
You learn spells naturally, not from books.
Your magical power is your life essence.
You have superior vitality. (+4 HP)


Message History

The foxfire hits the orc but does no damage.
The orc is lightly wounded.
Casting: Foxfire (safe; 1% risk of failure)
Press: ? - help, Q - select action, (/) - cycle Dir - look around, f - activate You conjure some foxfire!
* * * LOW HITPOINT WARNING * * *
The foxfire hits the orc but does no damage.
The orc is lightly wounded.
Casting: Foxfire (safe; 1% risk of failure)
Press: ? - help, Q - select action, (/) - cycle Dir - look around, f - activate You conjure some foxfire!
* * * LOW HITPOINT WARNING * * *
The foxfire hits the orc.
The orc is heavily wounded.
The foxfire hits the orc but does no damage.
The orc is heavily wounded.
Casting: Foxfire (safe; 1% risk of failure)
Press: ? - help, Q - select action, (/) - cycle Dir - look around, f - activate You conjure some foxfire!
* * * LOW HITPOINT WARNING * * *
The orc barely misses you.
The foxfire hits the orc.
The orc is severely wounded.
The foxfire hits the orc but does no damage.
The orc is severely wounded.
Casting: Foxfire (safe; 1% risk of failure)
Press: ? - help, Q - select action, (/) - cycle Dir - look around, f - activate You conjure some foxfire!
* * * LOW HITPOINT WARNING * * *
The orc closely misses you.
The foxfire hits the orc but does no damage.
The orc is severely wounded.
The foxfire hits the orc but does no damage.
The orc is severely wounded.
Casting: Foxfire (safe; 1% risk of failure)
Press: ? - help, Q - select action, (/) - cycle Dir - look around, f - activate You conjure some foxfire!
* * * LOW HITPOINT WARNING * * *
The orc hits you with a +0 flail of protection!
You die...

+...#.#.#..>..).
#.............#.
#..#v.........#.
#..#..........#.
##.##..#########
######.#######.#....
#..............#....
#.v.o..........#....
#..@v..........#....
#..#######'###'#....
#'##................
##..#................
#...#................
###'#................
#....#########'######
#....# #........
#....# +........


You could see an orc (ally target).

Vanquished Creatures
  Edmund (D:4)
  A water moccasin skeleton (D:4)
  A hound (D:3)
  An orc wizard (D:4)
  4 gnolls (D:3)
  3 worms
  2 orcs
  5 endoplasms
  A giant cockroach (D:3)
  7 goblins
  9 hobgoblins
  8 kobolds
  A quokka (D:1)
  7 ball pythons
  7 bats
  7 frilled lizards
  4 rats
69 creatures vanquished.

Vanquished Creatures (collateral kills)
  2 foxfires (D:2)
2 creatures vanquished.

Vanquished Creatures (others)
  389 foxfires
389 creatures vanquished.

Grand Total: 460 creatures vanquished

Notes
Turn   | Place    | Note
-------+----------+-------------------------------------------
     0 | D:1      | robertstho the Djinni Fire Elementalist began the quest for
                  | the Orb.
     0 | D:1      | Reached XP level 1. HP: 15/15 MP: 0/0
   225 | D:1      | Reached XP level 2. HP: 14/21 MP: 0/0
  1261 | D:1      | Reached XP level 3. HP: 24/25 MP: 0/0
  1261 | D:1      | Learned a level 1 spell: Animate Skeleton
  1299 | D:1      | Reached skill level 3 in Spellcasting
  2881 | D:2      | Found a faded altar of an unknown god.
  2885 | D:2      | Reached XP level 4. HP: 29/31 MP: 0/0
  3361 | D:3      | Found a snail-covered altar of Cheibriados.
  3760 | D:3      | Reached XP level 5. HP: 28/35 MP: 0/0
  3760 | D:3      | Learned a level 2 spell: Call Imp
  4124 | D:3      | Reached skill level 4 in Spellcasting
  4317 | D:4      | Reached XP level 6. HP: 18/40 MP: 0/0
  4783 | D:4      | Noticed Edmund
  4803 | D:4      | Killed Edmund
  4821 | D:4      | Slain by an orc

Illustrated notes

Levels and vault maps discovered:
D:1:      lemuel_arrival_broad_hall, layout_basic,
          chequers_serial_rivers_micro_e
D:2:      layout_loops_ring, shapermc_ecumenical_altar_mp_highgroup,
          serial_bayou_pond_d
D:3:      layout_basic, amcnicky_altar_gilded
D:4:      layout_gridville, dk_yredelemnul_ordeal, serial_glass,
          glass_columns_b, glass_columns_a, uniq_edmund, uniq_duvessa

Skill      XL: |  1  2  3  4  5 |
---------------+----------------+-----
Spellcasting   | 3 4 |  4.9
Stealth        | 2 |  2.8
Fighting       | |  0.1
Dodging        | |  2.5
Unarmed Combat | |  0.2

Action                   |  1- 3 |  4- 6 || total
-------------------------+-------+-------++-------
Melee: Unarmed           |     1 |       ||     1
       War axe           |     3 |       ||     3
 Cast: Foxfire           |   114 |   117 ||   231
       Sticky Flame      |       |     2 ||     2
  Use: Scroll            |       |     1 ||     1
Armor: Robe              |     5 |       ||     5
Dodge: Dodged            |    11 |    10 ||    21

Table legend: (Time is in decaauts)
 A = Elapsed time spent in this place.
 B = Non-inter-level travel time spent in this place.
 C = Inter-level travel time spent in this place.
 D = Time resting spent in this place.
 E = Time spent auto-exploring this place.
 F = Levels seen in this place.
 G = Mean time per level.
                   A        B        C        D        E       F      G
               +--------+--------+--------+--------+--------+-----+--------+
         Total |   4822 |   4716 |    106 |    362 |   3826 |   4 | 1205.5 |
       Dungeon |   4822 |   4716 |    106 |    362 |   3826 |   4 | 1205.5 |
               +--------+--------+--------+--------+--------+-----+--------+

Top non-repeatable levels by time:
     D:1: 1776 daAuts
     D:2: 1363 daAuts
     D:3: 1281 daAuts
     D:4: 401 daAuts
